 Dungeon Crawl Stone Soup version 0.21-a0-264-g3e31e41 (console) character file.

114 Mandevil the Sneak (level 4, 0/44 HPs)
             Began as a Naga Monk on Sept 8, 2017.
             Slain by a jackal (3 damage)
             ... on level 4 of the Dungeon.
             The game lasted 00:09:05 (2097 turns).

Mandevil the Sneak (Naga Monk)                      Turns: 2097, Time: 00:09:05

Health: 0/44       AC:  2    Str: 10 (14) XL:     4   Next: 97%
Magic:  4/4        EV: 10    Int:  5 (8)  God:
Gold:   88         SH:  0    Dex: 12 (14) Spells: 3/3 levels left

rFire    . . .     SeeInvis +   a - +1 spear
rCold    . . .     Gourm    .   (no shield)
rNeg     . . .     Faith    .   b - +0 robe
rPois    +         Spirit   .   (no helmet)
rElec    .         Reflect  .   (no cloak)
rCorr    .         Harm     .   (no gloves)
MR       .....     Clarity  +   (no barding)
Stlth    +++.......             (no amulet)
HPRegen  0.14/turn              (no ring)
MPRegen  0.09/turn              (no ring)

@: short of breath, very slow
A: see invisible, clarity, deformed body, deterioration 1, dopey 1, poison
resistance, slowness 2, slow metabolism 1, spit poison 1, AC +1
a: Spit Poison


You were on level 4 of the Dungeon.
You were not hungry.

You visited 1 branch of the dungeon, and saw 4 of its levels.

You collected 88 gold pieces.

Inventory:

Hand Weapons
 a - a +1 spear (weapon)
Missiles
 e - 48 arrows
 s - 25 stones (quivered)
Armour
 b - a +0 robe (worn)
Scrolls
 n - a scroll of amnesia
Potions
 d - a potion of degeneration
Comestibles
 c - 2 bread rations
 g - a royal jelly
 j - 2 meat rations
 q - a chunk of flesh


   Skills:
 + Level 4.0 Fighting
 + Level 3.8 Polearms
 - Level 2.4 Dodging
 - Level 5.1 Stealth


You had 3 spell levels left.
You didn't know any spells.

Dungeon Overview and Level Annotations

Branches:
Dungeon (4/15)
 Temple: D:4-7

Altars:

Annotations:
D:3 Mandevil's ghost, amateur NaMo
D:4 Robin


Innate Abilities, Weirdness & Mutations

You cannot wear boots.
Your serpentine skin is tough. (AC +1)
You have supernaturally acute eyesight. (SInv)
Armour fits poorly on your strangely shaped body.
Your system is resistant to poisons. (rPois)
You cover ground very slowly.
You have a slow metabolism.
You can spit poison.
You possess an exceptional clarity of mind.
Your body sometimes deteriorates upon taking damage.
You are dopey. (Int -2)


Message History

You barely miss the howler monkey.
The howler monkey is moderately wounded.
The jackal bites you.
* * * LOW HITPOINT WARNING * * *
The jackal barely misses you. The jackal bites you.
* * * LOW HITPOINT WARNING * * *
The howler monkey barely misses you.
The jackal bites you but does no damage.
The jackal barely misses you.
Press: ? - help, Shift-Dir - straight line, f - goblin
Aim: a goblin, wielding a hunting sling The splash of poison misses the jackal.
The splash of poison hits the goblin.
The goblin is poisoned.
You kill the goblin!
You feel slightly more hungry. The jackal barely misses you.
The howler monkey completely misses you.
The jackal barely misses you. The jackal bites you.
* * * LOW HITPOINT WARNING * * *
The jackal bites you.
You die...

#.........
#.........
#.........
#.........
##.........
#gg).......
#hhg.......
#Nhgg......
##h........
#.........
#................
#................
#................
#................
#.........?......
#................


You could see a howler monkey, Robin, 3 jackals and 4 goblins.

Vanquished Creatures
  A hound (D:4)
  An adder (D:4)
  3 gnolls (D:3)
  An orc (D:3)
  A giant cockroach (D:1)
  9 goblins
  9 hobgoblins
  6 jackals
  A ball python (D:1)
  3 bats (D:1)
  2 kobolds (D:1)
  5 rats
42 creatures vanquished.

Notes
Turn   | Place    | Note
-------+----------+-------------------------------------------
     0 | D:1      | Mandevil the Naga Monk began the quest for the Orb.
     0 | D:1      | Reached XP level 1. HP: 21/21 MP: 1/1
   335 | D:1      | Reached XP level 2. HP: 28/28 MP: 2/2
   619 | D:1      | Reached skill level 4 in Stealth
  1292 | D:1      | Reached XP level 3. HP: 29/34 MP: 3/3
  1475 | D:2      | Found a faded altar of an unknown god.
  1536 | D:2      | You fall through a shaft for 2 floors!
  1796 | D:4      | Noticed Robin
  1945 | D:4      | Reached skill level 5 in Stealth
  1945 | D:4      | Reached XP level 4. HP: 43/44 MP: 4/4
  2053 | D:3      | Noticed Mandevil's ghost (amateur NaMo)
  2074 | D:3      | Gained mutation: Your body sometimes deteriorates upon taking damage. [potion of mutation]
  2074 | D:3      | Gained mutation: You are dopey. (Int -2) [potion of mutation]
  2074 | D:3      | Gained mutation: You possess an exceptional clarity of mind. [potion of mutation]
  2097 | D:4      | Slain by a jackal

Vault maps used:
D:1:      dpeg_arrival_snail, corexii_hall_statues_deadend, minmay_tromino_v4_c
D:2:      nemelex_xobeh_ov_fountains_minmay, first_bread,
          chequers_ecumenical_altar_twisty, kennysheep_generic_room_12
D:3:      lemuel_zombie_altar_yredelemnul, dk_vineyard_2, fountainhead
D:4:      grunt_temple_overflow_growth_and_decay, uniq_duvessa, uniq_natasha,
          uniq_robin

Skill      XL: |  1  2  3  4 |
---------------+-------------+-----
Stealth        | 4 5 |  5.1
Fighting       | 4 |  4.0
Polearms       | |  3.8
Dodging        | |  2.4

Action                   |  1- 3 |  4- 6 || total
-------------------------+-------+-------++-------
Melee: Spear             |   114 |    53 ||   167
 Abil: Spit Poison       |     5 |     6 ||    11
  Use: Potion            |       |     9 ||     9
       Scroll            |       |     3 ||     3
 Stab: Sleeping          |    10 |       ||    10
  Eat: Chunk             |     2 |     1 ||     3
Armor: Robe              |    10 |     5 ||    15
       Skin              |       |    33 ||    33
Dodge: Dodged            |    59 |    22 ||    81

Table legend:
 A = Spawn XP
 B = Non-spawn XP
 C = Spawn XP percentage of total XP
 D = Spawn monster count
 E = Non-spawn monster count
 F = Spawn count percentage of total count
 G = Total turns spent on level
                    A         B        C        D         E        F      G
               +---------+---------+-------+---------+---------+-------+---------
         Total |       0 |     163 |   0.0 |       0 |      42 |   0.0 |  2097
               +---------+---------+-------+---------+---------+-------+---------
           D:1 |       0 |      37 |   0.0 |       0 |      22 |   0.0 |  1438
           D:2 |       0 |       2 |   0.0 |       0 |       1 |   0.0 |    98
           D:3 |       0 |      49 |   0.0 |       0 |       7 |   0.0 |   106
           D:4 |       0 |      75 |   0.0 |       0 |      12 |   0.0 |   455
               +---------+---------+-------+---------+---------+-------+---------
